 Dungeon Crawl Stone Soup version 0.22-a0-224-g8cf3520 (webtiles) character file.

1521 sankara the Geomancer (level 8, -10/66 HPs)
             Began as a White Draconian Earth Elementalist on Feb 18, 2018.
             Was an Initiate of Ashenzari.
             Mangled by an ogre
             ... wielding a +0 giant club
              (27 damage)
             ... on level 5 of the Dungeon on Feb 19, 2018.
             The game lasted 00:30:43 (7544 turns).

sankara the Geomancer (DrEE)                        Turns: 7544, Time: 00:30:43

Health: -10/66     AC: 10    Str: 11    XL:     8   Next: 54%
Magic:  10/11      EV: 14    Int: 17    God:    Ashenzari [......]
Gold:   212        SH:  0    Dex: 12    Spells: 5/11 levels left

rFire    + . .     SeeInvis +   b - +2 dagger (venom)
rCold    + . .     Gourm    .   (no shield)
rNeg     . . .     Faith    .   (armour unavailable)
rPois    .         Spirit   .   y - +1 hat
rElec    .         Reflect  .   h - +2 cloak {+Inv}
rCorr    .         Harm     .   (no gloves)
MR       .....                  (no boots)
Stlth    ++++......             (no amulet)
HPRegen  0.21/turn              d - ring of see invisible {sInv, !d}
MPRegen  0.12/turn              B - ring of stealth {Stlth+}

@: no status effects
A: breathe frost, unfitting armour, stinger 1, cold resistance 1, fire
resistance 1, cold-blooded, subdued magic 2, AC +6
a: Breathe Frost, Curse Item, Renounce Religion, Evoke Invisibility


You were on level 5 of the Dungeon.
You worshipped Ashenzari.
Ashenzari was noncommittal.
You were not hungry.

You visited 2 branches of the dungeon, and saw 6 of its levels.
You also visited: Ossuary.

You collected 212 gold pieces.

Inventory:

Hand Weapons
 a - a +2 dagger of speed
   (You took it off a goblin on level 1 of the Dungeon)
 b - a +2 dagger of venom (weapon)
   (You took it off a kobold on level 3 of the Dungeon)
 z - a cursed -2 long sword
   (You found it on level 4 of the Dungeon)
 C - a +1 falchion of freezing
   (You took it off a wight in an ossuary)
Missiles
 f - 23 poisoned needles
 p - 21 sling bullets
 v - 30 stones
 w - 6 javelins of penetration (quivered)
 x - 5 tomahawks
Armour
 h - a +2 cloak of invisibility (worn)
   (You took it off Crazy Yiuf on level 3 of the Dungeon)
 j - a +0 shield
   (You took it off a hobgoblin on level 1 of the Dungeon)
 y - a +1 hat (worn)
   (You found it on level 3 of the Dungeon)
Jewellery
 d - a ring of see invisible (left hand) {sInv, !d}
   (You found it on level 2 of the Dungeon)
 A - an uncursed amulet of faith {Faith, !P}
   (You found it on level 4 of the Dungeon)
 B - a ring of stealth (right hand) {Stlth+}
   (You found it on level 4 of the Dungeon)
Wands
 s - a wand of iceblast (10)
   (You found it in an ossuary)
 u - a wand of scattershot (7)
   (You found it in an ossuary)
Scrolls
 e - 3 scrolls of amnesia
 i - 6 scrolls of remove curse
 k - a scroll of teleportation
 m - 2 scrolls of identify
 r - a scroll of magic mapping {unknown}
 t - a scroll of blinking {!r}
Potions
 g - 3 potions of curing
 l - 2 potions of flight
 o - 3 potions of might
Comestibles
 c - 6 rations


   Skills:
 + Level 4.2 Fighting
 + Level 4.1 Dodging
 + Level 4.4 Stealth
 - Level 2.0 Spellcasting
 - Level 3.0 Transmutations
 - Level 8.0 Earth Magic


You had 5 spell levels left.
You knew the following spells:

 Your Spells              Type           Power        Failure   Level  Hunger
a - Sandblast             Erth           ###...       1%          1    #......
b - Passwall              Tmut/Erth      ##........   1%          2    ###....
c - Stone Arrow           Conj/Erth      #.....       7%          3    ###....


Dungeon Overview and Level Annotations

Branches:
Dungeon (5/15)             Temple (1/1) D:5

Altars:
Ashenzari
Dithmenos
Elyvilon
Fedhas
Gozag
Kikubaaqudgha
Makhleb
Nemelex Xobeh
Qazlal
Ru
Sif Muna
Trog
Uskayaw
Wu Jian
Xom
Yredelemnul
Zin
The Shining One

Shops:
D:4 :

Annotations:
D:4 Syneil's ghost, novice GnWn
D:5 Grinder


Innate Abilities, Weirdness & Mutations

You can breathe waves of freezing cold.
You can buffet flying creatures when you breathe cold.
Your icy white scales are hard. (AC +6)
You cannot fit into any form of body armour.
Your flesh is cold resistant. (rC+)
You are cold-blooded and may be slowed by cold attacks.
Your tail ends in a poisonous barb.
Your flesh is heat resistant. (rF+)
Your spells are easier to cast, but less powerful.


Message History

There is an open door here.
As you open the door, it creaks loudly!
Found a blossoming altar of Fedhas.
Found a hide-covered altar of Uskayaw.
There is an open door here.
Found an ancient bone altar of Kikubaaqudgha.
Found an opulent altar of Gozag.
There is an ancient bone altar of Kikubaaqudgha here.
There is an open door here.
You open the door.
Found three altars.
Found an ornate altar of the Wu Jian Council.
There is an open door here.
Found a shadowy altar of Dithmenos.
There is an open door here.
You open the door.
Found three altars.
Found a stormy altar of Qazlal.
There is an open door here.
Eating one of 7 chunks of flesh {@w0}.
You eat one of the 7 chunks of flesh {@w0}.
This raw flesh tastes terrible.
Found a glowing silver altar of Zin.
There is an open door here.
Key pressed, stopping explore.
Key pressed, stopping explore.
Key pressed, stopping explore.
Key pressed, stopping explore.
Key pressed, stopping explore.
Key pressed, stopping explore.
You open the door.
Found two altars.
There is an open door here.
Found a sacrificial altar of Ru.
Found a white marble altar of Elyvilon.
There is a sacrificial altar of Ru here.
Key pressed, stopping explore.
There is an open door here.
Key pressed, stopping explore.
Key pressed, stopping explore.
Some of the chunks of flesh in your inventory have rotted away.
There is an open door here.
Key pressed, stopping explore.
There is an open door here.
Key pressed, stopping explore.
There is an open door here.
Done exploring.
There is an open door here.
All of the chunks of flesh in your inventory have rotted away.
There is an open door here.
There is a shattered altar of Ashenzari here.
You kneel at the altar of Ashenzari.
Ashenzari welcomes you!
j - an uncursed shield;
z - a cursed long sword
C - an uncursed falchion of freezing You can now curse your items.
There is an open door here.
There is an open door here.
There is an open door here.
There is a staircase back to the Dungeon here.
This staircase leads to a travel-excluded area!
Enter next level anyway?
You climb upwards.
Welcome back to the Dungeon!
Level annotation: exclusion: Grinder, Grinder The adder barely misses you.
The ogre hits you but does no damage. The adder completely misses you.
There is a staircase to the Ecumenical Temple here.
Grinder shouts!
There is a fountain of clear blue water here.
The adder bites you but does no damage.
Grinder blinks!
The adder completely misses you. The adder bites you but does no damage.
Grinder barely misses you. Grinder hits you! Grinder hits you!
The adder closely misses you.
Grinder blinks!
You hit the adder.
The adder is poisoned.
You kill the adder!
Grinder gestures at you.
You suddenly lose the ability to move!
The ogre hits you but does no damage. The ogre hits you with a giant club.
Grinder hits you.
You writhe in agony.
The ogre hits you with a giant club!!
* * * LOW HITPOINT WARNING * * *
You can move again.
Unknown command.
You hit the ogre.
The ogre is poisoned.
The ogre is moderately wounded.
Grinder gestures at you.
You shrug off the repeated paralysis!
Casting: Sandblast (safe; 1% risk of failure)
Confirm with . or Enter, or press ? or * to list all spells.
Aiming: Sandblast (safe; 1% risk of failure)
Press: ? - help, Shift-Dir - straight line, f - Grinder
Aim: Grinder The blast of sand hits Grinder.
Grinder is moderately wounded.
v - 30 stones Grinder misses you.
The ogre hits you with a giant club!!
You die...

.##.###.###..#..⌠...⌠..#.###
###.##..# #..#.........#....
#.##.## #.......>........
###.#.!####..#........[#.#
....#.#......#..⌠...⌠..#.#
....#.#..................#
#............#.........###
#.##.##......##5##.##.##
................@O....#
.......##.#.######.####
.......##.... ...#
.......####.## #####
.......# #. .......# #.
.......... ..######## ..#


You could see Grinder and an ogre.

Vanquished Creatures
  2 wraiths (Ossuary)
  Sigmund (D:3)
  An ogre (D:4)
  A centaur (D:5)
  4 wights (Ossuary)
  A howler monkey (D:4)
  2 crimson imps (D:5)
  2 centaur zombies
  Crazy Yiuf (D:3)
  A hound (D:3)
  3 orc priests
  2 orc wizards
  4 worker ants
  Terence (D:3)
  Robin (D:3)
  3 adders
  3 oozes
  An adder zombie (Ossuary)
  3 adder skeletons
  5 worms
  2 dart slugs
  5 leopard geckos
  24 orcs
  6 ball pythons
  5 bats
  2 giant cockroaches (D:1)
  16 goblins
  10 hobgoblins
  13 jackals
  8 kobolds
  2 quokkas
  2 ball python skeletons (Ossuary)
  5 frilled lizards
  A hobgoblin zombie (Ossuary)
  A jackal zombie (D:4)
  A kobold zombie (Ossuary)
  An orc skeleton (Ossuary)
  11 rats
157 creatures vanquished.

Notes
Turn   | Place    | Note
-------+----------+-------------------------------------------
     0 | D:1      | sankara the Draconian Earth Elementalist began the quest for the Orb.
     0 | D:1      | Reached XP level 1. HP: 14/14 MP: 3/3
   195 | D:1      | Reached XP level 2. HP: 20/20 MP: 1/5
   459 | D:1      | Reached skill level 4 in Earth Magic
   482 | D:1      | Learned a level 2 spell: Passwall
   630 | D:1      | Reached XP level 3. HP: 26/26 MP: 6/6
  1036 | D:2      | Reached skill level 5 in Earth Magic
  1036 | D:2      | Reached XP level 4. HP: 24/33 MP: 4/7
  2105 | D:3      | Noticed Terence
  2115 | D:3      | Noticed Sigmund
  2119 | D:3      | Killed Terence
  2119 | D:3      | Reached XP level 5. HP: 38/38 MP: 6/8
  2134 | D:3      | Killed Sigmund
  2134 | D:3      | Reached skill level 6 in Earth Magic
  2134 | D:3      | Reached XP level 6. HP: 29/45 MP: 7/9
  2323 | D:3      | Reached skill level 7 in Earth Magic
  2375 | D:3      | Learned a level 3 spell: Stone Arrow
  2842 | D:2      | Reached skill level 2 in Dodging
  2842 | D:2      | Reached skill level 2 in Stealth
  3113 | D:3      | Found a runed door.
  3248 | D:3      | Noticed Robin
  3260 | D:3      | Killed Robin
  3260 | D:3      | Reached skill level 1 in Fighting
  3652 | D:3      | Noticed Crazy Yiuf
  3661 | D:3      | Killed Crazy Yiuf
  3827 | D:4      | Noticed Syneil's ghost (novice GnWn)
  3866 | D:3      | HP: 11/47 [poisoned by Syneil's ghost]
  3871 | D:3      | HP: 9/47 [poisoned by Syneil's ghost]
  3876 | D:3      | HP: 7/47 [poisoned by Syneil's ghost]
  3883 | D:3      | HP: 6/47 [poisoned by Syneil's ghost]
  3891 | D:3      | HP: 6/47 [poisoned by Syneil's ghost]
  4180 | D:3      | HP: 11/47 [poisoned by Syneil's ghost]
  4185 | D:3      | HP: 7/47 [poisoned by Syneil's ghost]
  4190 | D:3      | HP: 5/47 [poisoned by Syneil's ghost]
  4196 | D:3      | HP: 3/47 [poisoned by Syneil's ghost]
  4201 | D:3      | HP: 1/47 [poisoned by Syneil's ghost]
  4915 | D:4      | Your scales start taking on an icy white colour.
  4915 | D:4      | Reached XP level 7. HP: 53/53 MP: 5/10
  4915 | D:4      | Gained mutation: Your flesh is cold resistant. (rC+) [White Draconian growth]
  5089 | D:4      | Reached skill level 2 in Fighting
  5229 | D:4      | Found Cezoqiv's Book Emporium.
  5305 | D:4      | Reached skill level 3 in Stealth
  5506 | D:5      | Entered Level 5 of the Dungeon
  5856 | D:5      | Found a sand-covered staircase.
  5862 | Ossuary  | Entered an ossuary
  5916 | Ossuary  | Reached skill level 3 in Dodging
  5916 | Ossuary  | Reached skill level 2 in Transmutations
  6092 | Ossuary  | Noticed a wraith
  6092 | Ossuary  | Noticed a flying skull
  6103 | Ossuary  | Noticed a flying skull
  6123 | Ossuary  | Noticed a flying skull
  6186 | Ossuary  | Reached skill level 3 in Fighting
  6253 | Ossuary  | Noticed a flying skull
  6265 | Ossuary  | Noticed a wraith
  6277 | Ossuary  | Gained mutation: Your spells are a little easier to cast, but a little less powerful. [potion of mutation]
  6277 | Ossuary  | Gained mutation: Your spells are easier to cast, but less powerful. [potion of mutation]
  6277 | Ossuary  | Gained mutation: Your flesh is heat resistant. (rF+) [potion of mutation]
  6277 | Ossuary  | Gained mutation: Your tail ends in a poisonous barb. [potion of mutation]
  6286 | Ossuary  | Killed a wraith
  6286 | Ossuary  | Reached XP level 8. HP: 63/63 MP: 2/11
  6363 | Ossuary  | Upgraded the game from 0.22-a0-223-g0f5d773 to 0.22-a0-224-g8cf3520
  6397 | Ossuary  | Reached skill level 3 in Transmutations
  6669 | D:5      | Reached skill level 4 in Stealth
  6860 | D:5      | Reached skill level 8 in Earth Magic
  6910 | D:5      | HP: 14/66 [orc priest/divine providence (13)]
  6915 | D:5      | Reached skill level 4 in Fighting
  7180 | D:5      | Reached skill level 4 in Dodging
  7200 | D:5      | Found a staircase to the Ecumenical Temple.
  7206 | D:5      | Noticed Grinder
  7210 | Temple   | Entered the Ecumenical Temple
  7474 | Temple   | Became a worshipper of Ashenzari the Shackled
  7538 | D:5      | Paralysed by Grinder for 5 turns
  7542 | D:5      | HP: 16/66 [ogre/giant club (21)]
  7544 | D:5      | Mangled by an ogre

Vault maps used:
D:1:      dpeg_arrival_refuge
D:3:      uniq_terence, uniq_robin, uniq_sigmund, uniq_crazy_yiuf_cottage
D:4:      serial_shops, kennysheep_mini, serial_bayou, serial_bayou_pond_b,
          serial_bayou_pond_b, serial_bayou_pond_d, serial_bayou_pond_c
D:5:      minmay_temple_entry_large_hall, first_ration, enter_ossuary_1,
          grunt_ministairs_9, minmay_misc_feat_rugged, minmay_misc_feat_square,
          uniq_grinder
Temple:   dpeg_five_rooms_temple
Ossuary:  ossuary_due_cavern

Skill      XL: |  1  2  3  4  5  6  7  8 |
---------------+-------------------------+-----
Earth Magic    | 4 5 6 7 8 |  8.0
Dodging        | 2 3 4 |  4.1
Stealth        | 2 3 4 |  4.4
Fighting       | 1 3 4 |  4.2
Transmutations | 2 3 |  3.0
Spellcasting   | |  2.0

Action                   |  1- 3 |  4- 6 |  7- 9 || total
-------------------------+-------+-------+-------++-------
Melee: Dagger            |   102 |   165 |   259 ||   526
       Unarmed           |     5 |       |       ||     5
       Tailslap          |     4 |    14 |    30 ||    48
Throw: Javelin           |       |    11 |       ||    11
 Cast: Sandblast         |     9 |    59 |    45 ||   113
  Use: Potion            |       |     7 |     4 ||    11
       Scroll            |       |       |     8 ||     8
 Stab: Sleeping          |     1 |     5 |     7 ||    13
       Distracted        |     1 |       |       ||     1
  Eat: Chunk             |     1 |    10 |     2 ||    13
       Ration            |       |     2 |     1 ||     3
Armor: Skin              |    24 |    38 |    90 ||   152
Dodge: Dodged            |    56 |   111 |   179 ||   346

Table legend:
 A = Spawn XP
 B = Non-spawn XP
 C = Spawn XP percentage of total XP
 D = Spawn monster count
 E = Non-spawn monster count
 F = Spawn count percentage of total count
 G = Total turns spent on level
                    A         B        C        D         E        F      G
               +---------+---------+-------+---------+---------+-------+---------
         Total |       0 |    2174 |   0.0 |       0 |     157 |   0.0 |  7544
               +---------+---------+-------+---------+---------+-------+---------
           D:1 |       0 |      56 |   0.0 |       0 |      28 |   0.0 |   802
           D:2 |       0 |     160 |   0.0 |       0 |      29 |   0.0 |  1154
           D:3 |       0 |     433 |   0.0 |       0 |      43 |   0.0 |  2714
           D:4 |       0 |     358 |   0.0 |       0 |      18 |   0.0 |   956
           D:5 |       0 |     432 |   0.0 |       0 |      25 |   0.0 |   823
        Temple |       0 |       3 |   0.0 |       0 |       1 |   0.0 |   317
       Ossuary |       0 |     732 |   0.0 |       0 |      13 |   0.0 |   778
               +---------+---------+-------+---------+---------+-------+---------

Vault maps used:
D:1:      dpeg_arrival_refuge
D:3:      uniq_terence, uniq_robin, uniq_sigmund, uniq_crazy_yiuf_cottage
D:4:      serial_shops, kennysheep_mini, serial_bayou, serial_bayou_pond_b,
          serial_bayou_pond_b, serial_bayou_pond_d, serial_bayou_pond_c
D:5:      minmay_temple_entry_large_hall, first_ration, enter_ossuary_1,
          grunt_ministairs_9, minmay_misc_feat_rugged, minmay_misc_feat_square,
          uniq_grinder
Temple:   dpeg_five_rooms_temple
Ossuary:  ossuary_due_cavern

Table legend:
 A = Turns spent in this place as a percentage of turns spent in the entire game.
 B = Non-inter-level travel turns spent in this place as a percentage of non-inter-level travel turns spent in the entire game.
 C = Inter-level travel turns spent in this place as a percentage of turns spent in this place.
 D = Turns resting spent in this place as a percentage of non-inter-level travel turns spent in this place.
 E = Turns spent auto-exploring this place as a percentage of non-inter-level travel turns spent in this place.
 F = Non-inter-level travel turns spent in this place divided by the number of levels of this place that you've seen.
                   A       B       C       D       E      F
               +-------+-------+-------+-------+-------+----------------------
         Total | 100.0 | 100.0 |   4.6 |  37.2 |  37.7 | 1027.7
       Dungeon |  85.5 |  86.0 |   4.1 |  36.5 |  38.0 | 1237.0
        Temple |   4.2 |   3.2 |  27.1 |   0.0 |  96.5 | 231.0
       Ossuary |  10.3 |  10.8 |   0.0 |  53.5 |  17.5 | 778.0
               +-------+-------+-------+-------+-------+----------------------

Table legend:
 A = Kills in this place as a percentage of kills in entire the game.
 B = Kills by you in this place as a percentage of kills by you in the entire game.
 C = Kills by friends in this place as a percentage of kills by friends in the entire game.
 D = Other kills in this place as a percentage of other kills in the entire game.
 E = Experience gained in this place as a percentage of experience gained in the entire game.
 F = Experience gained in this place divided by the number of levels of this place that you have seen.
                   A       B       C       D       E      F
               +-------+-------+-------+-------+-------+----------------------
         Total | 100.0 | 100.0 |   N/A |   N/A | 100.0 | 310.6
       Dungeon |  91.1 |  91.1 |   N/A |   N/A |  66.2 | 287.8
        Temple |   0.6 |   0.6 |   N/A |   N/A |   0.1 |   3.0
       Ossuary |   8.3 |   8.3 |   N/A |   N/A |  33.7 | 732.0
               +-------+-------+-------+-------+-------+----------------------
